Map: Eternal Empire LE

Players

TIME (Oliveira)

  • Race: Terran Terran
  • League: Grandmaster
  • Spawn Location: 1:00

Dear - Winner!

  • Race: Protoss Protoss
  • League: Master
  • Spawn Location: 7:00

VOD

Have the link to the VOD?

Description

Time

  • Played on: Jan. 16, 2020, 5:32 a.m.
  • Length: 9:53
Show
View Real Time Build Order
Export as new Build Order

TIME Terran 

Build Orders: Reaper Expand 

Get SALT Encoding   

  12  0:00  SCV  
  13  0:13  SCV  
  14  0:17  Supply Depot  
  14  0:25  SCV  
  15  0:39  SCV  
  15  0:40  Barracks  
  16  0:44  Refinery  
  16  0:51  SCV  
  17  1:03  SCV  
  18  1:15  SCV  
  19  1:27  Reaper  
  19  1:28  Orbital Command  
  20  1:41  Command Center  
  20  1:50  Supply Depot  
  20  1:54  SCV  
  21  1:59  Marine  
  22  2:06  SCV  
  23  2:09  Factory  
  23  2:13  Refinery  
  23  2:18  SCV  
  23  2:21  Barracks Reactor  
  24  2:25  Bunker  
  24  2:30  SCV  
  25  2:42  SCV  
  26  2:53  Orbital Command  
  26  2:57  Starport, Widow Mine  
  26  2:58  SCV, Marine  
  29  3:01  Marine  
  31  3:10  SCV  
  32  3:18  SCV, Widow Mine  
  32  3:19  Marine x2  
  37  3:22  SCV  
  37  3:27  Supply Depot  
  37  3:31  SCV  
  38  3:34  SCV  
  38  3:36  Medivac  
  38  3:37  Barracks  
  38  3:39  Marine  
  42  3:42  Factory Tech Lab  
  42  3:43  SCV  
  42  3:45  Marine  
  44  3:48  SCV  
  44  3:53  Supply Depot  
  44  3:55  SCV  
  46  4:00  SCV, Liberator  
  46  4:04  Cyclone  
  46  4:05  Marine  
  46  4:07  SCV  
  50  4:12  SCV  
  50  4:19  SCV  
  54  4:25  SCV, Barracks  
  54  4:27  Engineering Bay  
  55  4:31  Marine  
  55  4:36  Siege Tank  
  56  4:38  Marine  
  56  4:42  SCV  
  58  4:46  Barracks Tech Lab  
  58  4:48  SCV  
  58  4:51  Supply Depot  
  59  4:55  Missile Turret  
  59  4:59  SCV, Missile Turret  
  60  5:02  Marine  
  60  5:05  Marine  
  60  5:07  Combat Shield  
  62  5:15  SCV  
  62  5:17  SCV  
  62  5:19  Refinery  
  62  5:20  Marine  
  65  5:24  Marine  
  65  5:25  Siege Tank  
  69  5:30  Marine  
  70  5:35  Supply Depot  
  70  5:36  Marine, Starport Reactor  
  70  5:37  SCV x2  
  70  5:38  Marine  
  70  5:40  Supply Depot  
  74  5:46  Marine  
  74  5:49  SCV, Marine  
  77  5:57  SCV  
  77  5:58  Siege Tank  
  77  6:03  Marine  
  79  6:07  Bunker  
  79  6:08  Marine x2  
  79  6:09  Missile Turret  
  79  6:11  Terran Infantry Weapons Level 1  
  78  6:22  Marine  
  77  6:30  Siege Tank  
  77  6:31  Marine, Stimpack  
  77  6:39  Marine  
  70  6:43  Marine  
  64  6:48  SCV x2  
  64  6:49  Marine  
  64  6:53  Refinery  
  64  6:56  Starport Reactor  
  64  6:57  Marine  
  64  7:00  SCV x2, Marine x2  
  64  7:01  Marine  
  70  7:02  Siege Tank  
  70  7:05  Supply Depot  
  73  7:09  Command Center  
  73  7:12  SCV x2  
  73  7:14  Marine  
  76  7:18  Marine  
  77  7:24  SCV, Marine  
  77  7:26  Marine  
  77  7:28  SCV  
  81  7:31  Marine  
  81  7:35  Medivac, Supply Depot  
  81  7:36  Barracks  
  84  7:37  Barracks  
  84  7:39  Siege Tank  
  84  7:42  Medivac  
  84  7:43  Marine  
  90  7:45  Marine  
  90  7:47  Marine  
  90  7:50  SCV x2  
  94  7:52  Marine x2  
  94  7:56  Liberator  
  96  8:01  Marine  
  96  8:03  Marine  
  98  8:05  SCV  
  98  8:07  Marine  
  98  8:11  Siege Tank  
  102  8:14  Marine  
  106  8:20  Supply Depot  
  106  8:21  Marine x2, Supply Depot  
  106  8:23  SCV  
  106  8:26  Marine  
  110  8:30  Barracks Reactor  
  110  8:38  Supply Depot x2  
  110  8:39  Marine x4  
  114  8:46  Marine  
  114  8:52  Marine x2  
  116  8:57  Marine x3  
  118  9:02  Bunker  
  118  9:03  Bunker  
  118  9:04  Marine  
  114  9:13  Marine  
  114  9:15  Engineering Bay  
  109  9:17  SCV  
  100  9:28  Marine  
  100  9:31  Marine  
Show
View Real Time Build Order
Export as new Build Order

Dear Protoss - Winner!

Build Orders: 1 Gate Expand, Oracle Opening, Archon Immortal 

Get SALT Encoding   

  12  0:00  Probe  
  13  0:12  Probe  
  14  0:17  Pylon  
  14  0:25  Probe (Chrono Boost)  
  15  0:37  Probe (Chrono Boost), Gateway  
  16  0:44  Probe (Chrono Boost)  
  16  0:46  Assimilator  
  17  0:51  Probe  
  18  1:03  Probe  
  19  1:15  Probe  
  20  1:22  Nexus  
  20  1:32  Cybernetics Core  
  20  1:35  Probe  
  21  1:40  Assimilator  
  21  1:47  Probe  
  21  1:51  Pylon  
  22  1:59  Probe  
  23  2:06  Adept (Chrono Boost)  
  23  2:11  Probe  
  26  2:17  Stargate  
  26  2:23  Probe (Chrono Boost)  
  26  2:27  Stalker (Chrono Boost)  
  29  2:34  Warp Gate, Probe (Chrono Boost)  
  30  2:43  Probe (Chrono Boost)  
  30  2:44  Probe (Chrono Boost)  
  32  2:49  Probe x2 (Chrono Boost)  
  34  3:00  Oracle (Chrono Boost)  
  34  3:01  Probe x2  
  39  3:08  Pylon  
  39  3:13  Probe x2  
  41  3:25  Probe  
  41  3:26  Probe  
  43  3:28  Oracle (Chrono Boost)  
  46  3:34  Nexus  
  46  3:38  Probe x2  
  48  3:45  Pylon  
  48  3:50  Probe x2  
  48  3:53  Gateway  
  50  3:59  Gateway  
  50  4:03  Probe  
  50  4:04  Probe  
  50  4:05  Phoenix (Chrono Boost)  
  54  4:15  Probe, Assimilator  
  54  4:16  Probe  
  56  4:19  Pylon, Assimilator  
  56  4:23  Sentry  
  58  4:26  Phoenix (Chrono Boost)  
  58  4:28  Probe x2  
  62  4:39  Shield Battery  
  62  4:40  Probe x2  
  62  4:45  Phoenix (Chrono Boost)  
  64  4:46  Probe  
  64  4:50  Adept  
  64  4:52  Probe x2  
  71  4:56  Zealot x2  
  71  4:58  Probe (Chrono Boost)  
  76  5:00  Robotics Facility  
  78  5:09  Probe x2 (Chrono Boost), Phoenix  
  78  5:10  Probe (Chrono Boost)  
  81  5:16  Probe (Chrono Boost)  
  81  5:18  Probe x2 (Chrono Boost)  
  84  5:21  Pylon  
  84  5:23  Pylon  
  85  5:30  Shield Battery  
  85  5:34  Shield Battery  
  84  5:39  Phoenix (Chrono Boost)  
  84  5:42  Adept x3  
  92  5:48  Immortal (Chrono Boost)  
  94  5:57  Phoenix (Chrono Boost)  
  94  5:58  Probe x3  
  94  6:02  Adept x2  
  100  6:07  Pylon  
  100  6:09  Pylon  
  100  6:10  Probe  
  101  6:18  Probe  
  100  6:20  Adept  
  100  6:21  Phoenix  
  92  6:25  Immortal (Chrono Boost)  
  92  6:29  Adept x2  
  93  6:42  Adept  
  87  6:50  Phoenix  
  87  6:51  Probe x3  
  87  6:53  Assimilator x2, Zealot x2  
  96  6:59  Gateway, Warp Prism (Chrono Boost)  
  96  7:02  Gateway  
  96  7:03  Probe  
  96  7:04  Probe x2  
  96  7:07  Sentry  
  103  7:09  Gateway  
  100  7:15  Probe  
  100  7:16  Probe x2  
  101  7:24  Forge  
  101  7:25  Zealot  
  101  7:26  Twilight Council, Zealot  
  101  7:27  Protoss Ground Armor Level 1  
  101  7:28  Probe x3  
  108  7:32  Observer  
  108  7:33  Zealot  
  111  7:40  Probe, Nexus  
  111  7:42  Gateway  
  112  7:45  Gateway  
  112  7:46  Pylon  
  112  7:50  Zealot x2  
  116  7:53  Pylon  
  116  7:54  Pylon  
  116  7:55  Charge (Chrono Boost), Pylon  
  116  8:03  Templar Archives  
  116  8:04  Immortal  
  120  8:11  Zealot x3  
  120  8:12  Zealot  
  128  8:15  Zealot x2  
  132  8:35  Pylon  
  132  8:36  Pylon  
  132  8:39  High Templar  
  132  8:40  High Templar x3, Zealot x4  
  148  8:44  Archon x2  
  148  8:53  Pylon  
  148  8:54  Immortal  
  148  8:55  Pylon  
  152  9:04  Zealot x4  
  158  9:13  Zealot x4  
  146  9:26  Zealot x2  
  146  9:27  Zealot x2  
  104  9:43  Zealot x4  
Tags
 
Add a new tag
Caveats
  • Supply blocks, unpowered buildings, or Contaminate may cause inaccurate times.
  • Supply counts are checked every 10 seconds.